 Dungeon Crawl Stone Soup version 0.21.1-1-g345015f (webtiles) character file.

70093 keltmir the Demonic Cataclysm (level 14, -18/116 HPs)
             Began as a Demonspawn Gladiator on Mar 24, 2018.
             Was a High Priest of Qazlal.
             Blown up by an orb spider (35 damage)
             ... with an orb of destruction
             ... on level 2 of the Spider Nest.
             The game lasted 01:52:25 (24778 turns).

keltmir the Demonic Cataclysm (DsGl)               Turns: 24778, Time: 01:52:26

Health: -18/116    AC: 16    Str: 21      XL:     14   Next: 92%
Magic:  0/24       EV: 11    Int: 10      God:    Qazlal [*****.]
Gold:   1477       SH:  0    Dex:  8 (10) Spells: 13/13 levels left

rFire    . . .     SeeInvis +   K - +3 dire flail (freeze)
rCold    . . .     Gourm    .   (shield currently unavailable)
rNeg     . . .     Faith    .   P - +2 scale mail "Forget-Me-Not" {MR+++ Regen+ Dex-5}
rPois    .         Spirit   +   (helmet restricted)
rElec    .         Reflect  .   a - +0 cloak
rCorr    .         Harm     .   (no gloves)
MR       ++++.                  s - +0 pair of boots
Stlth    ..........             (no amulet)
HPRegen  0.69/turn              U - ring of see invisible
MPRegen  0.38/turn              i - +2 ring of strength

@: confused, lethally poisoned (-18 -> -45), protected from physical damage,
very slightly contaminated, repel missiles
A: antennae 2, large bone plates 1, demonic guardian 2, magic shield, magic
regeneration
a: Upheaval, Elemental Force, Disaster Area, Renounce Religion


You were on level 2 of the Spider Nest.
You worshipped Qazlal.
Qazlal was extremely pleased with you.
You were not hungry.

You visited 5 branches of the dungeon, and saw 23 of its levels.

You collected 1477 gold pieces.

Inventory:

Hand Weapons
 d - a +2 mace of protection
 G - a +5 hand axe
 K - a +3 dire flail of freezing (weapon)
Missiles
 V - a throwing net
 Z - 6 poisoned tomahawks (quivered)
Armour
 a - a +0 cloak (worn)
 j - the +0 buckler of Duty {rF++}
   (You found it on level 4 of the Dungeon)

   It greatly protects you from fire.
 s - a +0 pair of boots (worn)
 P - the +2 scale mail "Forget-Me-Not" (worn) {MR+++ Regen+ Dex-5}
   (You found it on level 9 of the Dungeon)

   It affects your dexterity (-5).
   It affects your resistance to hostile enchantments.
   It increases your rate of regeneration.
Jewellery
 i - a +2 ring of strength (right hand)
 n - an uncursed ring of flight
 Q - an uncursed ring of wizardry
 U - a ring of see invisible (left hand)
Wands
 e - a wand of random effects (35)
 q - a wand of iceblast (10)
 A - a wand of flame (80)
 M - a wand of acid (9)
 O - a wand of scattershot (10)
 R - a wand of disintegration (13)
 T - a wand of digging (34)
Scrolls
 g - 2 scrolls of fear {unknown}
 k - 4 scrolls of enchant weapon
 l - 4 scrolls of remove curse
 w - 2 scrolls of identify
 z - 4 scrolls of fog
 E - 10 scrolls of teleportation
 I - 4 scrolls of magic mapping
 J - 7 scrolls of amnesia
 L - 3 scrolls of enchant armour {unknown}
 S - a scroll of silence {unknown}
Potions
 b - a potion of resistance {unknown}
 h - 2 potions of might
 o - 5 potions of brilliance
 u - 2 potions of berserk rage
 v - 5 potions of flight
 x - 6 potions of magic
 B - a potion of haste {unknown}
 C - 3 potions of mutation
 D - a potion of lignification {unknown}
 F - a potion of invisibility {unknown}
 H - 2 potions of ambrosia
 Y - a potion of agility {unknown}
Books
 m - a book of Clouds

   Spells                             Type                      Level
   a - Poisonous Vapours              Poison/Air                   2
   b - Mephitic Cloud                 Conjuration/Poison/Air       3
   c - Conjure Flame                  Conjuration/Fire             3
   d - Freezing Cloud                 Conjuration/Ice/Air          6
   e - Ring of Flames                 Charms/Fire                  7
 r - Roxanne's Almanac of Stones
   (You took it off Roxanne on level 1 of the Spider Nest)

   Spells                             Type                      Level
   a - Leda's Liquefaction            Hexes/Earth                  4
   b - Petrify                        Transmutation/Earth          4
   c - Lee's Rapid Deconstruction     Earth                        5
   d - Statue Form                    Transmutation/Earth          6
Miscellaneous
 N - a lightning rod (4/4)
Comestibles
 f - 45 rations


   Skills:
 + Level 12.3 Fighting
 - Level 9.8(12.5) Axes
 * Level 12.8(14.0) Maces & Flails
 - Level 1.7 Throwing
 + Level 10.4 Armour
 - Level 2.6 Dodging
 - Level 4.1 Shields
 - Level 14.0 Invocations


You had 13 spell levels left.
You didn't know any spells.

Dungeon Overview and Level Annotations

Branches:
Dungeon (13/15)            Temple (1/1) D:5            Lair (6/6) D:10
  Swamp (1/4) Lair:3       Spider (2/4) Lair:2        Slime (0/5) Lair:6
    Orc (0/2) D:9
 Vaults: D:13-14

Altars:
Ashenzari
Cheibriados
Dithmenos
Elyvilon
Gozag
Hepliaklqana
Kikubaaqudgha
Nemelex Xobeh
Okawaru
Qazlal
Trog
Wu Jian
Xom
Yredelemnul
Jiyva

Shops:
D:11 [

Annotations:
Swamp:1 nightchill's ghost, journeyman FoFi


Innate Abilities, Weirdness & Mutations

You have a pair of antennae on your head.
You are partially covered in large bone plates. (SH +4)
A demonic guardian rushes to your aid.
When hurt, damage is shared between your health and your magic reserves.
You regenerate magic rapidly.


Message History

The wolf spider hits your ice devil!!
The wolf spider barely misses your ice devil.
The orb spider weaves a glowing orb of energy.
Your ice devil misses the jumping spider. 2 redbacks and an orb of destruction come into view.
Unknown command.
You are confused.
You feel invigorated.
* * * LOW HITPOINT WARNING * * *
You feel very sick.
You hear an angry hiss.
The jumping spider pounces on your ice devil but does no damage.
The jumping spider closely misses your ice devil.
The wolf spider hits your ice devil but does no damage.
The wolf spider bites your ice devil!
Your ice devil misses the redback.
* * * LOW HITPOINT WARNING * * *
You feel very sick. The wolf spider hits your ice devil.
The wolf spider bites your ice devil. The orb of destruction hits you!
You die...

.%......#
..............###
................###
......#...........#
....^.^s.........#
†..#.....s...§...#
........s.§......#
......sss4§§§@..##
..s....ss≈.§.^§§.#
.....§..≈≈s.......#
......s†s†ys..§..##
....s.†.s........#
...........s......#
.........s...s.....#
.............≈≈...##
.......#..^.......#


You could see an emperor scorpion, 2 demonic crawlers, 3 wolf spiders, 4 orb
spiders, a hornet, 3 jumping spiders, 3 redbacks and a friendly ice devil.

Vanquished Creatures
  Kirke (Lair:5)
  Roxanne (Spider:1)
  Aizul (Spider:1)
  A ghost moth (Spider:1)
  A spark wasp (Spider:1)
  4 hydras
  2 alligators (Lair:3)
  2 death yaks (Lair:5)
  An unseen horror (D:12)
  2 orb spiders (Spider:1)
  An oklob plant (D:10)
  10 wolf spiders
  2 cyclopes
  3 elephants
  2 black mambas (Lair:6)
  2 torpor snails (Spider:1)
  10 spiny frogs
  10 rime drakes
  4 komodo dragons
  2 demonic crawlers (Spider:1)
  3 tyrant leeches (Lair:3)
  10 jumping spiders
  A queen bee (Lair:5)
  2 meliai (Lair:5)
  11 polar bears
  5 raiju (Lair:6)
  2 hornets
  9 blink frogs
  A bog body (Lair:3)
  2 dream sheep (Lair:6)
  A meliai zombie (D:10)
  5 hippogriffs
  2 tarantellas (Spider:2)
  12 redbacks
  A basilisk (Lair:6)
  3 wyverns
  13 yaks
  3 steam dragons (Lair:3)
  4 vampire mosquitoes
  A swamp worm (Lair:3)
  5 wargs
  7 insubstantial wisps (Lair:3)
  2 acid dragons
  A soldier ant (D:12)
  8 water moccasins
  10 porcupines
  11 hell hounds (Lair:6)
  11 black bears
  2 phantoms
  2 ogres (D:10)
  14 wolves
  2 centaurs
  14 crocodiles
  3 big kobolds
  8 bullfrogs
  28 killer bees
  14 wights
  2 howler monkeys
  6 crimson imps
  A quasit (D:10)
  A bullfrog zombie (D:8)
  2 centaur skeletons (D:12)
  6 jellies
  3 orc priests
  5 hounds
  3 bullfrog skeletons
  6 orc wizards
  2 iguanas
  11 worker ants
  Robin (D:3)
  A howler monkey skeleton (D:7)
  13 adders
  A shadow imp (D:6)
  3 oozes
  An adder zombie (D:6)
  2 worms
  2 dart slugs
  9 leopard geckos
  13 orcs
  3 ball pythons
  4 giant cockroaches
  15 goblins
  10 hobgoblins
  9 jackals
  16 kobolds
  3 quokkas
  7 bats
  7 frilled lizards
  2 jackal skeletons
  A quokka skeleton (D:6)
  6 rats
  2 butterflies (Lair:5)
  3 fungi
  3 plants (D:10)
480 creatures vanquished.

Vanquished Creatures (collateral kills)
  An emperor scorpion (Spider:1)
  An entropy weaver (Spider:1)
  Nessos (Lair:5)
  The ghost of Aelig the Grappler, a journeyman DrTm of the Shining One (Lair:2)
  A fire dragon (D:9)
  A hydra (Lair:5)
  A death knight (D:9)
  An alligator (Lair:3)
  4 death yaks (Lair:5)
  3 two-headed ogres
  A lindwurm (Lair:6)
  A cyclops (D:12)
  A manticore (D:11)
  3 orb spiders
  A wolf spider (Spider:1)
  2 elephants
  A black mamba (Lair:1)
  2 gargoyles
  4 spiny frogs
  4 rime drakes (Lair:3)
  5 komodo dragons
  A demonic crawler (Spider:1)
  A meliai (Lair:5)
  3 trolls
  A polar bear (Lair:6)
  2 jumping spiders (Spider:1)
  2 hornets
  6 blink frogs
  2 hippogriffs
  3 redbacks (Spider:1)
  A wyvern (Lair:5)
  4 hogs (Lair:5)
  6 yaks
  A tarantella (Spider:1)
  The ghost of TheNamelessOne the Ducker, an amateur MfGl (D:4)
  2 steam dragons (Lair:3)
  6 vampire mosquitoes
  A swamp worm (Lair:3)
  A warg (D:9)
  A hell hound (Lair:6)
  2 porcupines
  6 water moccasins
  2 orc warriors
  A phantom (D:12)
  2 ogres
  A black bear (Lair:6)
  A centaur (D:5)
  A wolf (Lair:6)
  4 crocodiles
  A big kobold (D:12)
  5 bullfrogs
  The ghost of Lovchig the Shield-Bearer, a weakling DDFi (D:3)
  5 killer bees
  A wight (D:9)
  A howler monkey (D:7)
  2 hounds
  An orc priest (D:9)
  A worker ant (D:6)
  An adder (D:7)
  5 orcs
  A jackal (D:10)
  A frilled lizard (D:4)
  3 kobolds (D:12)
134 creatures vanquished.

Vanquished Creatures (others)
  A black mamba (Lair:3)
  A steam dragon (Lair:3)
  A wolf (Lair:6)
  9 fungi
  22 plants
34 creatures vanquished.

Grand Total: 648 creatures vanquished

Notes
Turn   | Place    | Note
-------+----------+-------------------------------------------
     0 | D:1      | keltmir the Demonspawn Gladiator began the quest for the Orb.
     0 | D:1      | Reached XP level 1. HP: 16/16 MP: 1/1
   466 | D:1      | Gained mutation: A weak demonic guardian rushes to your aid. [demonic ancestry]
   466 | D:1      | Reached XP level 2. HP: 20/22 MP: 2/2
   875 | D:1      | Reached skill level 1 in Armour
   882 | D:1      | Gained mutation: You have a pair of small antennae on your head. [demonic ancestry]
   882 | D:1      | Reached XP level 3. HP: 21/28 MP: 3/3
  2187 | D:3      | Gained mutation: A demonic guardian rushes to your aid. [demonic ancestry]
  2187 | D:3      | Reached XP level 4. HP: 31/34 MP: 4/4
  2212 | D:3      | Noticed Lovchig's ghost (weakling DDFi)
  2223 | D:3      | Killed Lovchig's ghost
  2599 | D:3      | Found an iron altar of Okawaru.
  2729 | D:3      | Noticed Robin
  2761 | D:3      | Killed Robin
  2761 | D:3      | Reached XP level 5. HP: 41/41 MP: 5/5
  3176 | D:4      | Got a polished buckler
  3182 | D:4      | Identified the cursed +0 buckler of Duty {rF++} (You found it on level 4 of the Dungeon)
  3297 | D:4      | Noticed TheNamelessOne's ghost (amateur MfGl)
  3721 | D:5      | Entered Level 5 of the Dungeon
  3728 | D:5      | Found a staircase to the Ecumenical Temple.
  3730 | D:5      | Found a faded altar of an unknown god.
  3737 | Temple   | Entered the Ecumenical Temple
  3799 | Temple   | Became a worshipper of Qazlal Stormbringer
  3884 | D:4      | Killed TheNamelessOne's ghost
  3884 | D:4      | Reached skill level 1 in Invocations
  3901 | D:4      | Found an ancient bone altar of Kikubaaqudgha.
  3904 | D:4      | Found a shimmering altar of Xom.
  3904 | D:4      | Found a bloodstained altar of Trog.
  3919 | D:4      | Reached skill level 1 in Shields
  3919 | D:4      | Reached XP level 6. HP: 41/47 MP: 6/6
  4015 | D:4      | Found a shattered altar of Ashenzari.
  4789 | D:5      | Reached skill level 2 in Invocations
  4945 | D:5      | Reached skill level 5 in Maces & Flails
  5157 | D:5      | Found a hazy altar of Hepliaklqana.
  5524 | D:6      | Gained mutation: When hurt, damage is shared between your health and your magic reserves. [demonic ancestry]
  5524 | D:6      | Reached XP level 7. HP: 48/54 MP: 7/9
  5613 | D:6      | Reached skill level 3 in Invocations
  5828 | D:6      | Found a shattered altar of Ashenzari.
  6950 | D:7      | Reached skill level 4 in Invocations
  7184 | D:7      | Reached XP level 8. HP: 61/61 MP: 9/11
  7974 | D:8      | Reached * piety under Qazlal
  8010 | D:8      | Reached skill level 5 in Fighting
  8386 | D:8      | Reached skill level 5 in Invocations
  8968 | D:8      | Reached skill level 1 in Axes
  9716 | D:8      | Noticed a two-headed ogre
  9728 | D:8      | Killed a two-headed ogre
  9728 | D:8      | Reached skill level 6 in Invocations
  9728 | D:8      | Gained mutation: You regenerate magic rapidly. [demonic ancestry]
  9728 | D:8      | Reached XP level 9. HP: 69/69 MP: 13/13
 10049 | D:9      | Noticed a death knight
 10084 | D:9      | Noticed a fire dragon
 10270 | D:9      | Found a staircase to the Orcish Mines.
 10477 | D:9      | Killed a death knight
 10901 | D:9      | Reached ** piety under Qazlal
 11081 | D:9      | Reached skill level 7 in Invocations
 11176 | D:9      | Killed a fire dragon
 11363 | D:9      | Got a distressingly furry scale mail
 11378 | D:9      | Identified the +2 scale mail "Forget-Me-Not" {MR+++ Regen+ Dex-5} (You found it on level 9 of the Dungeon)
 11774 | D:10     | Entered Level 10 of the Dungeon
 11774 | D:10     | Noticed a two-headed ogre
 11788 | D:10     | Killed a two-headed ogre
 11858 | D:10     | Noticed a gargoyle
 11858 | D:10     | Reached XP level 10. HP: 57/77 MP: 13/15
 11921 | D:10     | Killed a gargoyle
 12399 | D:10     | Reached skill level 8 in Invocations
 12675 | D:11     | Reached skill level 5 in Axes
 12825 | D:11     | Found an ancient bone altar of Kikubaaqudgha.
 12951 | D:11     | Noticed a cyclops
 13140 | D:11     | Killed a cyclops
 13192 | D:11     | Reached *** piety under Qazlal
 13223 | D:11     | Found Xiwehyob's Antique Armour Emporium.
 13375 | D:11     | Noticed a manticore
 13387 | D:11     | Killed a manticore
 13876 | D:12     | Reached skill level 9 in Invocations
 13920 | D:12     | Reached skill level 5 in Armour
 13961 | D:12     | Noticed a gargoyle
 13984 | D:12     | Killed a gargoyle
 14074 | D:12     | Killed an unseen horror
 14074 | D:12     | Gained mutation: You have a pair of antennae on your head. [demonic ancestry]
 14074 | D:12     | Reached XP level 11. HP: 51/86 MP: 10/18
 14406 | D:12     | Reached **** piety under Qazlal
 14740 | D:12     | Noticed a two-headed ogre
 14745 | D:12     | Killed a two-headed ogre
 14974 | D:13     | Reached skill level 10 in Invocations
 15063 | D:13     | Noticed a vault guard
 15064 | D:13     | Noticed a vault guard
 15282 | D:10     | Found a staircase to the Lair.
 15282 | D:10     | Noticed an oklob plant
 15294 | D:10     | Killed an oklob plant
 15393 | Lair:1   | Entered Level 1 of the Lair of Beasts
 16086 | Lair:2   | Noticed Aelig's ghost (journeyman DrTm)
 16100 | Lair:2   | Killed Aelig's ghost
 16429 | Lair:2   | Noticed an eight-headed hydra
 16441 | Lair:2   | Killed an eight-headed hydra
 16607 | Lair:2   | Reached XP level 12. HP: 67/95 MP: 13/20
 16662 | Lair:2   | Found a hole to the Spider Nest.
 16964 | Lair:2   | Reached ***** piety under Qazlal
 16964 | Lair:2   | Reached skill level 11 in Invocations
 18088 | Lair:3   | Found a staircase to the Swamp.
 19081 | Lair:5   | Reached skill level 10 in Fighting
 19088 | Lair:5   | Noticed a death yak
 19089 | Lair:5   | Noticed a death yak
 19089 | Lair:5   | Noticed a death yak
 19090 | Lair:5   | Noticed a death yak
 19093 | Lair:5   | Noticed a death yak
 19096 | Lair:5   | Killed a death yak
 19103 | Lair:5   | Killed a death yak
 19103 | Lair:5   | Reached skill level 12 in Invocations
 19104 | Lair:5   | Killed a death yak
 19109 | Lair:5   | Killed a death yak
 19118 | Lair:5   | Killed a death yak
 19246 | Lair:5   | Noticed Kirke
 19267 | Lair:5   | Killed Kirke
 19267 | Lair:5   | Gained mutation: You are partially covered in large bone plates. (SH +4) [demonic ancestry]
 19267 | Lair:5   | Reached XP level 13. HP: 103/103 MP: 22/22
 19279 | Lair:5   | Reached skill level 10 in Maces & Flails
 19515 | Lair:5   | Noticed Nessos
 19547 | Lair:5   | Killed Nessos
 20520 | Lair:6   | Entered Level 6 of the Lair of Beasts
 20535 | Lair:6   | Reached skill level 13 in Invocations
 21180 | Lair:6   | Found a runed door.
 21182 | Lair:6   | Found a viscous altar of Jiyva.
 21183 | Lair:6   | Found a staircase to the Slime Pits.
 21472 | Lair:6   | Reached ****** piety under Qazlal
 21590 | Lair:6   | Reached XP level 14. HP: 77/113 MP: 21/24
 22263 | Swamp:1  | Entered Level 1 of the Swamp
 22555 | Swamp:1  | Noticed nightchill's ghost (journeyman FoFi)
 22750 | Lair:3   | Reached skill level 14 in Invocations
 22938 | Spider:1 | Entered Level 1 of the Spider Nest
 23029 | Spider:1 | Noticed Aizul
 23092 | Spider:1 | Killed Aizul
 23163 | Spider:1 | Paralysed by a hornet for 2 turns
 23257 | Spider:1 | Noticed an entropy weaver
 23263 | Spider:1 | Killed an entropy weaver
 23350 | Spider:1 | Reached skill level 10 in Armour
 23375 | Spider:1 | Noticed a ghost moth
 23395 | Spider:1 | Killed a ghost moth
 23622 | Spider:1 | Identified the Incunabulum of Orientation and Shape Shifting
 23658 | Spider:1 | Noticed Roxanne
 23690 | Spider:1 | Killed Roxanne
 23691 | Spider:1 | Identified Roxanne's Almanac of Stones (You took it off Roxanne on level 1 of the Spider Nest)
 23696 | Spider:1 | HP: 3/115 [spark wasp (13)]
 24089 | Spider:1 | Noticed an emperor scorpion
 24102 | Spider:1 | Killed an emperor scorpion
 24773 | Spider:2 | Noticed an emperor scorpion
 24778 | Spider:2 | Blown up by an orb spider

Skill      XL: |  1  2  3  4  5  6  7  8  9 10 11 12 13 14 |
---------------+-------------------------------------------+-----
Maces & Flails | 3 4 5 6 7 9 11 12 | 12.8
Armour         | 1 2 3 5 6 8 9 10 | 10.4
Fighting       | 3 4 5 6 8 9 10 11 12 | 12.3
Invocations    | 1 2 4 6 7 9 10 12 13 14 | 14.0
Shields        | 1 2 4 |  4.1
Axes           | 2 4 6 9 |  9.8
Throwing       | |  1.7
Dodging        | |  2.6

Action                   |  1- 3 |  4- 6 |  7- 9 | 10-12 | 13-15 || total
-------------------------+-------+-------+-------+-------+-------++-------
Melee: Flail             |   155 |    13 |       |       |       ||   168
       Whip              |       |   257 |   419 |       |       ||   676
       Hand axe          |       |       |   159 |   807 |    69 ||  1035
       Dire flail        |       |       |    11 |     4 |   687 ||   702
Invok: Upheaval          |       |       |       |     1 |     2 ||     3
       Disaster Area     |       |       |       |       |     4 ||     4
       Elemental Force   |       |       |       |       |     1 ||     1
Evoke: Wand              |       |       |       |       |     1 ||     1
  Use: Scroll            |     5 |     7 |     8 |     9 |     2 ||    31
       Potion            |       |     2 |     2 |     1 |     9 ||    14
 Stab: Distracted        |       |       |       |     3 |     2 ||     5
  Eat: Chunk             |     4 |     8 |    14 |    24 |    10 ||    60
       Ration            |       |     1 |     2 |       |     3 ||     6
Armor: Leather armour    |    36 |       |       |       |       ||    36
       Chain mail        |    42 |   124 |   218 |       |       ||   384
       Scale mail        |       |       |    11 |   294 |   337 ||   642
Dodge: Dodged            |   105 |    70 |   149 |   269 |   358 ||   951
       Deflected         |       |       |       |     6 |     3 ||     9
Block: Buckler           |       |    13 |   100 |   300 |    85 ||   498
       Other             |       |       |     1 |       |   449 ||   450
